[Event "*** Titled Tuesday Blitz"]
[Site "Chess.com"]
[Date "2021.04.27"]
[Round "1"]
[White "Steven_Rojas"]
[Black "Trickster_Pony"]
[Result "1-0"]
[WhiteElo "2476"]
[BlackElo "1621"]
[TimeControl "180+1"]
[EndTime "10:05:54 PDT"]
[Termination "Steven_Rojas won by resignation"]

1. d4 d5 2. c4 Nc6 3. Nc3 e5 4. e3 dxc4 5. Bxc4 exd4 6. exd4 Qxd4 7. Qe2+ Be7 8. Be3 Qg4 9. Nf3 Nf6 10. h3 Qh5 11. Nb5 O-O 12. O-O-O a6 13. Nxc7 Rb8 14.
Nd5 b5 15. Bb3 Nxd5 16. Rxd5 f5 17. Rxf5+ Qf7 18. Rxf7 Rxf7 19. Bc5 Bxc5 20. Qe8+ 1-0

[Event "*** Titled Tuesday Blitz"]
[Site "Chess.com"]
[Date "2021.04.27"]
[Round "1"]
[White "AniJak"]
[Black "PolandHussars"]
[Result "0-1"]
[WhiteElo "2292"]
[BlackElo "2621"]
[TimeControl "180+1"]
[EndTime "10:05:56 PDT"]
[Termination "PolandHussars won by resignation"]

1. e4 e5 2. Nc3 Nf6 3. g3 d5 4. exd5 Nxd5 5. Bg2 Nxc3 6. bxc3 Bd6 7. d3 O-O 8. Nf3 c6 9. O-O Nd7 10. Re1 Re8 11. Rb1 Nf6 12. c4 Qc7 13. Ng5 h6 14. Ne4 Nxe4 15. Bxe4 f5 16. Qh5 Rf8 17. Bg2 Be6 18.
Bb2 Rae8 19. c5 Bxc5 20. Bxe5 Qd7 21. Qg6 Bxa2 22. Ra1 Qf7 23. Qxf7+ Bxf7 24. d4 Bb6 25. Bd6 Rxe1+ 26. Rxe1 Re8 27. Rxe8+ Bxe8 28. Be5 Bf7 29. Bf1 a5 30. Bd3 g6 31. c4 a4 32. c5 Ba5 33. d5 Bxd5 34. Kf1 a3 35. Ke2 a2 36. Kd1 Bb4 0-1

[Event "*** Titled Tuesday Blitz"]
[Site "Chess.com"]
[Date "2021.04.27"]
[Round "1"]
[White "RobertoJBM"]
[Black "eCztery"]
[Result "1-0"]
[WhiteElo "2728"]
[BlackElo "2398"]
[TimeControl "180+1"]
[EndTime "10:05:57 PDT"]
[Termination "RobertoJBM won by resignation"]

1. d4 Nf6 2. e3 e6 3. Nf3 c5 4.
Bd3 cxd4 5. exd4 b6 6. O-O Bb7 7. Qe2 Be7 8. c3 O-O 9. Bf4 d6 10. h3 Re8 11. Bh2 Bf8 12. Nbd2 Nbd7 13. a4 e5 14.
dxe5 dxe5 15. Ne4 Nxe4 16. Bxe4 Bxe4 17. Qxe4 Kh8 18. Rfd1 Qc7 19. Qf5 Nc5 20. Ng5 g6 21.
Bxe5+ Kg8 22. Bxc7 gxf5 23. b4 Ne6 24. Nxe6 fxe6 25. Be5 Rad8 26. Kf1 Kf7 27. Ke2 Rd5 28. f4 Red8 29. Rxd5 Rxd5 30. Rd1 a6 31. Rxd5 exd5 32. Kd3 b5 33. axb5 axb5 34. Kd4 Ke6 35. g4 fxg4 36.
hxg4 1-0

[Event "*** Titled Tuesday Blitz"]
[Site "Chess.com"]
[Date "2021.04.27"]
[Round "1"]
[White "MarcoRiehle"]
[Black "tgpgoat"]
[Result "1-0"]
[WhiteElo "2704"]
[BlackElo "2361"]
[TimeControl "180+1"]
[EndTime "10:05:58 PDT"]
[Termination "MarcoRiehle won by resignation"]

1. e4 c5 2. a3 d5 3. exd5 Qxd5 4. Nc3 Qd8 5. Nf3 e6 6. d4 cxd4 7. Qxd4 Qxd4 8. Nxd4 Nf6 9. Ndb5 Na6 10. Bf4 Bd7 11.
O-O-O Bc5 12. Nd6+ Bxd6 13. Bxd6 Bc6 14. f3 O-O-O 15.
Bxa6 bxa6 16. Be5 Rxd1+ 17. Rxd1 Rd8 18. Bxf6 Rxd1+ 19. Kxd1 gxf6 20. Kd2 Kb7 21. Ne2 f5 22. c4 Kb6 23. Kc3 a5 24. b3 Bb7 25. Nd4 Kc5 26.
g3 e5 27. b4+ axb4+ 28. axb4+ Kb6 29. c5+ Kc7 30. Nxf5 Bxf3 31. b5 Be2 32. Nd6 f5 33. Kd2 Bf1 34. Ke3 h6 35. h4 h5 36. Kf2 Bd3 37. Ke3 Bf1 38. Kd2 f4 39. gxf4 exf4 40. Ke1 Bd3 41. Kf2 a5 42. b6+ Kc6 43. b7 Kc7 44. c6 a4 45. Ne8+ Kb8 46. Nf6 a3 47. Nd7+ Kc7 48. b8=Q+ Kxc6 49. Ne5+ 1-0

[Event "*** Titled Tuesday Blitz"]
[Site "Chess.com"]
[Date "2021.04.27"]
[Round "1"]
[White "OhanyanEminChess"]
[Black "ajdemipopushi"]
[Result "1-0"]
[WhiteElo "2661"]
[BlackElo "2328"]
[TimeControl "180+1"]
[EndTime "10:05:58 PDT"]
[Termination "OhanyanEminChess won on time"]

1. e4 c5 2. Nf3 g6 3. d4 cxd4 4.
Nxd4 Bg7 5. Nc3 Nc6 6. Be3 Nf6 7. Nxc6 bxc6 8. e5 Ng8 9. Bd4 Qa5 10. Bc4 Bxe5 11.
O-O Bxd4 12. Qxd4 f6 13. Rfe1 d5 14. Bxd5 cxd5 15. Nxd5 Qd8 16. Rad1 Kf8 17. Qc3 Bb7 18. Nxe7 1-0

[Event "*** Titled Tuesday Blitz"]
[Site "Chess.com"]
[Date "2021.04.27"]
[Round "1"]
[White "retropwr"]
[Black "sorrm8thatscheckm8"]
[Result "0-1"]
[WhiteElo "2230"]
[BlackElo "2561"]
[TimeControl "180+1"]
[EndTime "10:05:59 PDT"]
[Termination "sorrm8thatscheckm8 won on time"]

1. c4 Nf6 2. Nf3 g6 3. d4 Bg7 4. g3 O-O 5. Bg2 d6 6. Nc3 Nc6 7. O-O a6 8. e4 Bd7 9. Qc2 e5 10.
Rd1 Nxd4 11. Nxd4 exd4 12. Rxd4 Ng4 13. Rd1 Ne5 14. f4 Nxc4 15. Nd5 c6 16. Qxc4 b5 17. Qd3 cxd5 18. Qxd5 Qb6+ 19. Kh1 Bg4 20. Qxd6 Rfd8 21. Qxb6 Rxd1+ 22. Qg1 Rxg1+ 23. Kxg1 Rd8 24. Be3 Bxb2 25. Rb1 Bc3 26. e5 b4 27. Kf2 Be6 28. Bb6 Rd2+ 0-1

[Event "*** Titled Tuesday Blitz"]
[Site "Chess.com"]
[Date "2021.04.27"]
[Round "1"]
[White "chessajedrezz2020"]
[Black "KetiGrant"]
[Result "1-0"]
[WhiteElo "2699"]
[BlackElo "2358"]
[TimeControl "180+1"]
[EndTime "10:06:01 PDT"]
[Termination "chessajedrezz2020 won on time"]

1. Nf3 Nf6 2. d4 g6 3. Nc3 d5 4. Bg5 Bg7 5. Bxf6 Bxf6 6. e4 dxe4 7. Nxe4 Bg7 8. h3 O-O 9. Bc4 Nd7 10. O-O Nf6 11. Nc5 b6 12. Nd3 Bb7 13. Nde5 Nd5 14. c3 c5 15. dxc5 bxc5 16. Qb3 Rb8 17. Rad1 e6 18. Qa4 Qc7 19. Rfe1 Nb6 20. Qa5 Rbd8 21.
Rxd8 Rxd8 22. Nxf7 Bxf3 23. Nxd8 Qxd8 24. Bxe6+ Kh8 25.
gxf3 Qg5+ 26. Kf1 Bf6 27. Qxa7 1-0

[Event "*** Titled Tuesday Blitz"]
[Site "Chess.com"]
[Date "2021.04.27"]
[Round "1"]
[White "Kildepiotr"]
[Black "smshk35"]
[Result "0-1"]
[WhiteElo "2646"]
[BlackElo "2346"]
[TimeControl "180+1"]
[EndTime "10:06:01 PDT"]
[Termination "smshk35 won by resignation"]

1. Nf3 Nf6 2. g3 h5 3. Bg2 h4 4.
Nxh4 Rxh4 5. gxh4 e5 6. d4 e4 7. Bg5 d5 8. e3 c6 9. c4 dxc4 10.
Bxe4 Qa5+ 11. Nc3 Nxe4 12. O-O Nxg5 13. hxg5 Qxg5+ 14. Kh1 Qh4 15. Qe2 Nd7 16. Qxc4 Nf6 17. f3 Bh3 18. Rg1 Bd6 19. Rxg7 O-O-O 20. Qxf7 Bd7 21.
Rg2 Rh8 22. f4 Ng4 23. Ne4 Bc7 24. Rag1 Qxh2+ 0-1

[Event "*** Titled Tuesday Blitz"]
[Site "Chess.com"]
[Date "2021.04.27"]
[Round "1"]
[White "scandalgod"]
[Black "OlifantCZ"]
[Result "1-0"]
[WhiteElo "2587"]
[BlackElo "2253"]
[TimeControl "180+1"]
[EndTime "10:06:01 PDT"]
[Termination "scandalgod won by resignation"]

1. d4 Nf6 2. c4 g6 3. Nc3 Bg7 4. e4 O-O 5. f4 c5 6. d5 d6 7. Nf3 e6 8. Be2 exd5 9. cxd5 Re8 10. e5 dxe5 11. fxe5 Ng4 12. Bg5 Qb6 13. O-O Bf5 14.
d6 Qxb2 15. Nd5 Nc6 16. Nc7 Ngxe5 17. Nxa8 Rxa8 18. Rc1 b6 19. Kh1 Nd4 20. Nxd4 Qxd4 21.
Bf3 Nxf3 22. Qxf3 Qe4 23. Qxe4 Bxe4 24. d7 f6 25. Rxf6 h6 26. Re6 Kf7 27. Rxe4 hxg5 28.
Rf1+ Bf6 29. Re8 Rxe8 30. Rxf6+ Ke7 31. dxe8=Q+ Kxe8 32.
Rxg6 Kd7 33. Rg7+ 1-0

[Event "*** Titled Tuesday Blitz"]
[Site "Chess.com"]
[Date "2021.04.27"]
[Round "1"]
[White "GregShahade"]
[Black "NoGalloNoParty"]
[Result "1/2-1/2"]
[WhiteElo "2664"]
[BlackElo "2348"]
[TimeControl "180+1"]
[EndTime "10:06:02 PDT"]
[Termination "Game drawn by repetition"]

1. e4 c5 2. Nf3 d6 3. d4 cxd4 4. Nxd4 Nf6 5. Nc3 a6 6. Be3 e5 7. Nb3 Be7 8. f3 O-O 9. Qd2 Be6 10. O-O-O a5 11. a4 Nc6 12. g4 Nb4 13. g5 Ne8 14. f4 exf4 15. Bxf4 Rc8 16. Kb1 d5 17. Nxd5 Rxc2 18. Qxc2 Nxc2 19. Nf6+ Nxf6 20. Rxd8 Bxd8 21. Kxc2 Nxe4 22. h4 Bb6 23. Nd2 Rc8+ 24. Kb1 Bf5 25. Ka2 Be6+ 26. Kb1 Bf5 27. Ka2 Be6+ 28.
Kb1 1/2-1/2

[Event "*** Titled Tuesday Blitz"]
[Site "Chess.com"]
[Date "2021.04.27"]
[Round "1"]
[White "tteshan"]
[Black "Karacsonyi_Gellert"]
[Result "1-0"]
[WhiteElo "2258"]
[BlackElo "2557"]
[TimeControl "180+1"]
[EndTime "10:06:05 PDT"]
[Termination "tteshan won by checkmate"]

1. d4 Nf6 2. c4 e6 3. Nc3 Bb4 4.
e3 O-O 5. Bd3 c5 6. Ne2 d5 7.
cxd5 Nxd5 8. a3 Bxc3+ 9. bxc3 b6 10. c4 Nf6 11. O-O Bb7 12. f3 Nc6 13. Kh1 Qd7 14.
dxc5 bxc5 15. Qc2 Rad8 16. Rd1 Qe7 17. Bb2 e5 18. Ng3 g6 19. Rab1 Rd7 20. Bc3 Rfd8 21.
Ne4 Ba8 22. Nxf6+ Qxf6 23. Be4 Rxd1+ 24. Rxd1 Rd6 25. Bd5 Qd8 26. Qd2 Kg7 27. Qb2 f6 28. Rb1 Ne7 29. e4 Rb6 30. Qc2 Bxd5 31. cxd5 Nc8 32. Rxb6 axb6 33. Qa4 Qd6 34. Qa6 h5 35. Qxc8 c4 36. Qxc4 Qxa3 37. Qc7+ Kh6 38. Bd2+ g5 39.
h3 Qb2 40. Qc3 Qb1+ 41. Kh2 h4 42. Qc6 Kg6 43. Qe6 Qd1 44. Qg8+ Kh6 45. Qf8+ Kg6 46. Qg8+ Kh6 47. Bb4 g4 48. Bf8+ Kh5 49. Qxg4# 1-0

[Event "*** Titled Tuesday Blitz"]
[Site "Chess.com"]
[Date "2021.04.27"]
[Round "1"]
[White "Eliwood44"]
[Black "ajedrez1101"]
[Result "1-0"]
[WhiteElo "2514"]
[BlackElo "2158"]
[TimeControl "180+1"]
[EndTime "10:06:06 PDT"]
[Termination "Eliwood44 won by resignation"]

1. d4 b6 2. e4 Bb7 3. Nc3 e6 4. Bd3 Bb4 5. Ne2 Nf6 6. O-O d5 7. e5 Nfd7 8. a3 Be7 9. f4 g6 10. f5 gxf5 11. Nf4 c5 12. Qh5 Nf8 13. Bxf5 exf5 14.
e6 Ng6 15. exf7+ Kxf7 16. Qxf5+ Bf6 17. Nfxd5 Kg7 18. Nxf6 Rf8 19. Bh6+ Kh8 20. Bxf8 Qxf8 21. d5 Bc8 22. Qh5 Qg7 23. Rae1 Bd7 24. Nce4 Na6 25.
Ng5 Nf8 26. Nxd7 Nxd7 27. Rf7 1-0

[Event "*** Titled Tuesday Blitz"]
[Site "Chess.com"]
[Date "2021.04.27"]
[Round "1"]
[White "A-Fier"]
[Black "2346PL"]
[Result "1-0"]
[WhiteElo "2829"]
[BlackElo "2429"]
[TimeControl "180+1"]
[EndTime "10:06:08 PDT"]
[Termination "A-Fier won on time"]

1. d4 f5 2. Nc3 Nf6 3. Bg5 d5 4.
f3 e6 5. Qd2 c5 6. e4 cxd4 7.
Qxd4 Nc6 8. Bb5 dxe4 9. Qxd8+ Kxd8 10. O-O-O+ Bd7 11. fxe4 Bb4 12. exf5 exf5 13. Nd5 Be7 14. Nxe7 Kxe7 15. Nf3 Rad8 16. Rhe1+ Kf7 17. Bc4+ Kg6 18. Bf4 h6 19. Rd6 Kh7 20. Red1 Bc8 21. Ne5 Rxd6 22.
Rxd6 Ne4 23. Rd1 Nxe5 24. Bxe5 Re8 25. Bd4 Be6 26. Bxe6 Rxe6 27. Bxa7 Ra6 28. Be3 Rxa2 29. Kb1 Ra6 30. Rd7 Nd6 31. Bd4 Ne8 32. Rxb7 Re6 33. b4 f4 34. b5 Kg6 35. b6 Kf5 36.
Rd7 Nd6 37. Rxg7 Ke4 38. Bc5 Kd5 39. Bxd6 Kxd6 40. b7 Re8 41. Rh7 Ke5 42. Rxh6 Rb8 43. Rb6 1-0

[Event "*** Titled Tuesday Blitz"]
[Site "Chess.com"]
[Date "2021.04.27"]
[Round "1"]
[White "Aygehovit1992"]
[Black "Redzishchess"]
[Result "1-0"]
[WhiteElo "2646"]
[BlackElo "2314"]
[TimeControl "180+1"]
[EndTime "10:06:08 PDT"]
[Termination "Aygehovit1992 won on time"]

1. Nf3 b6 2. g3 Bb7 3. Bg2 Nf6 4. O-O g6 5. c4 Bg7 6. Nc3 O-O 7. d4 Ne4 8. Qc2 Nxc3 9. bxc3 d6 10. e4 Nd7 11.
Be3 e5 12. Nd2 f5 13. exf5 Bxg2 14. Kxg2 Rxf5 15. Qe4 Nf6 16. Qc6 Qe8 17. Qxe8+ Rxe8 18. h3 exd4 19. cxd4 Ne4 20. Nb3 Kf7 21. a4 a5 22.
Rac1 h5 23. c5 bxc5 24. dxc5 d5 25. Nxa5 d4 26. Bf4 g5 27. Bxc7 Nd2 28. Nc4 Nxf1 29. Nd6+ Kg6 30. Nxe8 Rf7 31. Rxf1 1-0

[Event "*** Titled Tuesday Blitz"]
[Site "Chess.com"]
[Date "2021.04.27"]
[Round "1"]
[White "lacafi"]
[Black "laboratorio25"]
[Result "0-1"]
[WhiteElo "2183"]
[BlackElo "2526"]
[TimeControl "180+1"]
[EndTime "10:06:10 PDT"]
[Termination "laboratorio25 won on time"]

1. d4 d5 2. Nf3 Nf6 3. e3 g6 4. Be2 Bg7 5. O-O O-O 6. b3 b6 7.
Bb2 Bb7 8. Nbd2 c5 9. c4 Nbd7 10. cxd5 Nxd5 11. Rc1 Rc8 12. Nc4 b5 13. Nce5 Nxe5 14.
dxe5 Qa5 15. a3 Rfd8 16. Qc2 a6 17. Rfd1 Qb6 18. Ng5 c4 19. bxc4 Nxe3 20. Qb3 Nxd1 21. c5 Bd5 22. Qxd1 Rxc5 23. Rxc5 Qxc5 24. e6 Bxb2 25. exf7+ Kg7 0-1

[Event "*** Titled Tuesday Blitz"]
[Site "Chess.com"]
[Date "2021.04.27"]
[Round "1"]
[White "Kostukov_Alex"]
[Black "Kretov_Evgenij"]
[Result "0-1"]
[WhiteElo "2308"]
[BlackElo "2643"]
[TimeControl "180+1"]
[EndTime "10:06:11 PDT"]
[Termination "Kretov_Evgenij won by checkmate"]

1. g3 c5 2. Bg2 Nf6 3. c4 d5 4. cxd5 Nxd5 5. Nf3 Nc6 6. O-O Nc7 7. Nc3 e5 8. d3 Be7 9. Be3 O-O 10.
Rc1 Ne6 11. Nd2 Bd7 12. a4 Rc8 13. Nc4 Ned4 14. Nd5 Be6 15. Nxe7+ Qxe7 16. Bxd4 exd4 17. Qd2 Rfe8 18. Rfe1 h6 19. h4 Qc7 20. Na3 Nb4 21.
Nb5 Qb6 22. e3 dxe3 23. Rxe3 Red8 24. Rc3 Nd5 25. Bxd5 Rxd5 26. d4 a6 27. dxc5 Rcxc5 28. Nd4 Rxc3 29. bxc3 Rd8 30. Qe1 Bd5 31. Re8+ Rxe8 32.
Qxe8+ Kh7 33. Nf5 Qb1+ 34. Kh2 Qh1# 0-1

[Event "*** Titled Tuesday Blitz"]
[Site "Chess.com"]
[Date "2021.04.27"]
[Round "1"]
[White "Mazanchenko_Dmitry"]
[Black "andriipalchuk"]
[Result "0-1"]
[WhiteElo "2266"]
[BlackElo "2596"]
[TimeControl "180+1"]
[EndTime "10:06:12 PDT"]
[Termination "andriipalchuk won by checkmate"]

1. e4 c6 2. Nc3 d5 3. Nf3 dxe4 4. Nxe4 Nf6 5. Nxf6+ exf6 6. d4 Bd6 7. Be2 O-O 8. O-O Re8 9. c4 Nd7 10. h3 Nf8 11. b3 Be6 12. Bb2 Qd7 13. Re1 Ng6 14. Bf1 Nf4 15. Qc2 a5 16. a3 Bxh3 17. gxh3 Nxh3+ 18. Kh1 Qg4 19. Bg2 Nf4 20. Rg1 Qh5+ 21. Nh2 Ne2 22. f4 Bxf4 23. Bh3 Qxh3 24. Rg2 Ng3+ 25. Kg1 Be3+ 26. Rf2 Ne4 27. Rf1 Nxf2 28. Rxf2 Qg3+ 29. Kf1 Qxf2+ 30. Qxf2 Bxf2 31. Kxf2 Re7 32. Nf3 Rae8 33.
Bc3 Re2+ 34. Kg3 Ra2 35. Bxa5 Rxa3 36. b4 Ree3 37. d5 Rxf3+ 38. Kg2 Rfb3 39. d6 Rb2+ 40. Kf1 Ra1# 0-1

[Event "*** Titled Tuesday Blitz"]
[Site "Chess.com"]
[Date "2021.04.27"]
[Round "1"]
[White "adriangschnitzer"]
[Black "WiktoriaPOL"]
[Result "1-0"]
[WhiteElo "2493"]
[BlackElo "2032"]
[TimeControl "180+1"]
[EndTime "10:06:12 PDT"]
[Termination "adriangschnitzer won by resignation"]

1. e4 c5 2. a3 d5 3. exd5 Qxd5 4. Nc3 Qd7 5. Nf3 Nc6 6. Bb5 a6 7. Ne5 Qe6 8. Bxc6+ bxc6 9. Qe2 f6 10. Nc4 Qxe2+ 11. Kxe2 e5 12. d3 Be6 13. Ne4 O-O-O 14. Be3 Bxc4 15.
dxc4 Kc7 16. Bxc5 Ne7 17. Rhd1 Rxd1 18. Rxd1 Nf5 19. g4 Bxc5 20. gxf5 Ba7 21. b4 Rb8 22. c5 Rd8 23. Rxd8 Kxd8 24. Kd3 Kd7 25. c4 Bb8 26. a4 Ke7 27. b5 axb5 28. cxb5 cxb5 29.
axb5 g6 30. Ng3 Ba7 31. b6 Bb8 32. c6 Bd6 33. Kc4 Kd8 34. Kd5 Ke7 35. c7 Kd7 36.
c8=Q+ Kxc8 37. Kxd6 1-0

[Event "*** Titled Tuesday Blitz"]
[Site "Chess.com"]
[Date "2021.04.27"]
[Round "1"]
[White "VinzentSpitzl"]
[Black "anon102030"]
[Result "0-1"]
[WhiteElo "2409"]
[BlackElo "2758"]
[TimeControl "180+1"]
[EndTime "10:06:14 PDT"]
[Termination "anon102030 won by resignation"]

1. Nf3 d6 2. c4 g6 3. Nc3 Bg7 4. g3 Nc6 5. Bg2 e5 6. d3 h6 7. O-O Be6 8. Bd2 f5 9. a3 Nf6 10. b4 Qd7 11. b5 Ne7 12. Qc2 O-O 13. e3 g5 14. Rfd1 Ng6 15. Ne1 Rab8 16. a4 f4 17. exf4 exf4 18. Ne4 Nxe4 19. Bxe4 Bxa1 20. Rxa1 Bf5 21.
Bd5+ Kh7 22. Bc3 c6 23. Bg2 Rbe8 24. Nf3 fxg3 25. hxg3 Bg4 26. Nd2 Re2 27. Rf1 Rf7 28. d4 Bf5 29. Qd1 Rfe7 30. Bf3 Bg4 31. Bxe2 Bxe2 32. Qc2 Bxf1 33. Kxf1 Qh3+ 0-1

[Event "*** Titled Tuesday Blitz"]
[Site "Chess.com"]
[Date "2021.04.27"]
[Round "1"]
[White "dozer80"]
[Black "chessprincesa1"]
[Result "1-0"]
[WhiteElo "2657"]
[BlackElo "2321"]
[TimeControl "180+1"]
[EndTime "10:06:14 PDT"]
[Termination "dozer80 won on time"]

1. e4 e5 2. Nc3 Nf6 3. g3 d5 4.
exd5 Nxd5 5. Bg2 Be6 6. Nf3 Nc6 7. O-O Be7 8. Re1 Bf6 9. Ne4 O-O 10. Nxf6+ Qxf6 11.
d3 h6 12. Nd2 Qd8 13. Nc4 f6 14.
f4 b5 15. Nd2 Qd7 16. Ne4 Bg4 17. Nc5 Qc8 18. Bxd5+ Kh8 19. Qd2 Ne7 20. Bxa8 Qxa8 21. Qf2 Nf5 22. c3 b4 23. Bd2 Rd8 24. fxe5 fxe5 25. Rxe5 bxc3 26. Bxc3 Nd6 27. Re7 Rg8 28.
Rf1 Bh3 29. Rfe1 Nf5 30. Rf7 Qd5 31. Rxc7 Nd6 32. Bxg7+ 1-0

[Event "*** Titled Tuesday Blitz"]
[Site "Chess.com"]
[Date "2021.04.27"]
[Round "1"]
[White "ri4mi"]
[Black "Hypercar"]
[Result "0-1"]
[WhiteElo "2289"]
[BlackElo "2612"]
[TimeControl "180+1"]
[EndTime "10:06:14 PDT"]
[Termination "Hypercar won by checkmate"]

1. e4 c6 2. d4 d5 3. e5 c5 4. dxc5 Nc6 5. Nf3 Bg4 6. Bb5 e6 7. Be3 Ne7 8. c3 Nf5 9. Bd4 a6 10. Bxc6+ bxc6 11. O-O Qc7 12. h3 Bxf3 13. Qxf3 Be7 14.
Nd2 O-O 15. Qe2 a5 16. g4 Nh4 17. f4 Rab8 18. Rab1 Kh8 19. Nf3 Nxf3+ 20. Rxf3 f5 21. b4 Qa7 22. Kg2 axb4 23. cxb4 Ra8 24. Rb2 Qa4 25. Kg3 Rab8 26. Rfb3 g5 27. fxg5 fxg4 28. Qxg4 Rf5 29. h4 Rbf8 30. a3 Qb5 31. Re3 Qf1 32.
Rg2 Qh1 33. Ree2 h6 34. Ref2 hxg5 35. Rxf5 Rxf5 36. Qh5+ Kg7 37. Kg4 Qxg2# 0-1

[Event "*** Titled Tuesday Blitz"]
[Site "Chess.com"]
[Date "2021.04.27"]
[Round "1"]
[White "Julianos82"]
[Black "olksuna"]
[Result "0-1"]
[WhiteElo "2325"]
[BlackElo "2659"]
[TimeControl "180+1"]
[EndTime "10:06:17 PDT"]
[Termination "olksuna won by resignation"]

1. d4 Nf6 2. Nf3 e6 3. Bg5 h6 4. Bh4 c5 5. e3 b6 6. Nbd2 Bb7 7.
Bd3 Be7 8. c3 O-O 9. O-O d6 10. a4 a6 11. Qe2 Nbd7 12. b4 cxd4 13. cxd4 Nd5 14. Bxe7 Qxe7 15. b5 a5 16. Rfc1 Rac8 17.
e4 Nb4 18. Nb3 e5 19. d5 Nc5 20. Nxc5 bxc5 21. g3 g6 22. Qe3 Kg7 23. Nh4 Qg5 24.
Qe2 f5 25. Rc3 fxe4 26. Bxe4 Rf6 27. Rd1 Rcf8 28. f3 h5 29. Qe3 Qxe3+ 30. Rxe3 g5 31. Ng2 Rc8 32. h4 g4 33. Rf1 c4 34. fxg4 Rxf1+ 35. Kxf1 hxg4 36. Re1 Bxd5 37. Bxd5 Nxd5 38. Rd1 c3 39. Ne1 Ne3+ 0-1

[Event "*** Titled Tuesday Blitz"]
[Site "Chess.com"]
[Date "2021.04.27"]
[Round "1"]
[White "VladimirBugayev"]
[Black "alexrustemov"]
[Result "0-1"]
[WhiteElo "2256"]
[BlackElo "2585"]
[TimeControl "180+1"]
[EndTime "10:06:17 PDT"]
[Termination "alexrustemov won on time"]

1. e4 e6 2. d4 d5 3. Bd3 dxe4 4.
Bxe4 Nf6 5. Bf3 c5 6. Ne2 Nc6 7. Be3 cxd4 8. Nxd4 Ne5 9. Nc3 Be7 10. Qe2 O-O 11. O-O-O Bd7 12. Bxb7 Rb8 13. Nc6 Nxc6 14. Bxc6 Qc7 15. Bxd7 Nxd7 16. Qd3 Nf6 17. Nb5 Qa5 18.
Nc3 Rfc8 19. Bd4 e5 20. Bxe5 Qxe5 21. Rhe1 Qc7 22. Qg3 Qb7 23. Na4 Qb4 24. b3 Qa3+ 25. Kb1 Bb4 26. c3 Bf8 27. Qf4 h6 0-1

[Event "*** Titled Tuesday Blitz"]
[Site "Chess.com"]
[Date "2021.04.27"]
[Round "1"]
[White "karwowskikacper"]
[Black "TimofeevAr"]
[Result "0-1"]
[WhiteElo "2427"]
[BlackElo "2827"]
[TimeControl "180+1"]
[EndTime "10:06:18 PDT"]
[Termination "TimofeevAr won on time"]

1. e4 d5 2. exd5 Nf6 3. Nc3 Nxd5 4. Nxd5 Qxd5 5. Nf3 g6 6. Be2 Bg7 7. O-O O-O 8. c3 c5 9. Re1 Nc6 10. h3 Bf5 11.
Qa4 Rad8 12. Bc4 Qd6 13. d4 cxd4 14. cxd4 Nxd4 15. Nxd4 Bxd4 16. Bh6 Bg7 17. Bxg7 Kxg7 18. Rad1 Qc7 19. Rc1 Rd4 20. Qb3 Qd7 21. Bb5 Qd6 22. Bf1 b6 23. Qe3 e6 24. Rc3 h5 25. Ra3 a5 0-1

[Event "*** Titled Tuesday Blitz"]
[Site "Chess.com"]
[Date "2021.04.27"]
[Round "1"]
[White "szachuspl"]
[Black "Make_it_shine060"]
[Result "1-0"]
[WhiteElo "2530"]
[BlackElo "2192"]
[TimeControl "180+1"]
[EndTime "10:06:18 PDT"]
[Termination "szachuspl won on time"]

1. d4 Nf6 2. c4 g6 3. Nc3 d5 4. Nf3 Bg7 5. h4 h5 6. Bg5 dxc4 7. e4 c5 8. d5 Qa5 9. Nd2 b5 10. a4 b4 11. Nxc4 Qd8 12. Bxf6 Bxf6 13. Nb1 Ba6 14. Nbd2 Nd7 15. Be2 Qc7 16. g3 Bd4 17. Qc2 Ne5 18. Nxe5 Bxe2 19. Nc6 Bxf2+ 20. Kxf2 Bg4 21. Qxc5 g5 22. e5 Rd8 23. Ne4 Rc8 24. hxg5 Bf5 25. Rae1 Rg8 26. Rxh5 Qd7 27. Nf6+ exf6 28. exf6+ Be6 29.
Re5 1-0

[Event "*** Titled Tuesday Blitz"]
[Site "Chess.com"]
[Date "2021.04.27"]
[Round "1"]
[White "SanchezKelvin"]
[Black "martinique24"]
[Result "1-0"]
[WhiteElo "196"]
[BlackElo "2449"]
[TimeControl "180+1"]
[EndTime "10:06:21 PDT"]
[Termination "SanchezKelvin won on time"]

1. d4 Nf6 2. c4 g6 3. Nc3 Bg7 4. e4 d6 5. Nf3 O-O 6. Be2 e5 7. O-O Nc6 8. d5 Ne7 9. Ne1 Nd7 10. Nd3 f5 11. Bd2 Nf6 12. f3 f4 13. c5 g5 14. cxd6 cxd6 15. Nf2 h5 16. h3 Rf7 17.
Qb3 Ng6 18. Rac1 Bf8 19. Nb5 a6 20. Nc7 Rb8 21. Ne6 Qe8 22. Rfd1 Nh4 23. Qb6 g4 24. hxg4 hxg4 25. fxg4 Bxe6 26. dxe6 Rg7 27. Be1 Be7 28. Rc7 Qg6 29. Rxe7 Rxe7 30. Qxd6 Rbe8 31. Qxe5 Nh7 32. Qh5 Qxh5 33. gxh5 f3 34. gxf3 Rg7+ 35. Kf1 Ng5 36. Bc3 Rh7 37. f4 Nxe6 38. f5 Nf4 39. Bc4+ Kf8 40.
Bb4+ Kg7 41. Rd7+ Kh6 42. Rd6+ Kg5 43. Bd2 Nf3 44. Be3 1-0

[Event "*** Titled Tuesday Blitz"]
[Site "Chess.com"]
[Date "2021.04.27"]
[Round "1"]
[White "tapu2"]
[Black "mapleaff"]
[Result "1-0"]
[WhiteElo "2722"]
[BlackElo "2386"]
[TimeControl "180+1"]
[EndTime "10:06:23 PDT"]
[Termination "tapu2 won by resignation"]

1. e4 e5 2. Nf3 Nc6 3. d4 exd4 4. Nxd4 Nf6 5. Nxc6 bxc6 6. e5 Qe7 7. Qe2 Nd5 8.
h4 d6 9. exd6 Qxe2+ 10. Bxe2 cxd6 11. O-O h5 12. Bf3 Be6 13. Bg5 f6 14. Bd2 Kf7 15.
Re1 g6 16. Na3 Bg7 17. Rac1 Rac8 18. Nc4 Rhd8 19. Na5 Ne7 20. c4 c5 21. Bc3 Nf5 22.
g3 Nd4 23. Bg2 f5 24. Nb3 Bxc4 25. Bxd4 cxd4 26. Rxc4 d3 27. Bd5+ Kf8 28. Nd4 Rxc4 29. Ne6+ Ke7 30. Bxc4 Rg8 31. Ng5+ 1-0

[Event "*** Titled Tuesday Blitz"]
[Site "Chess.com"]
[Date "2021.04.27"]
[Round "1"]
[White "c_r_e_e_p_e_r"]
[Black "CSB7"]
[Result "0-1"]
[WhiteElo "2399"]
[BlackElo "2732"]
[TimeControl "180+1"]
[EndTime "10:06:24 PDT"]
[Termination "CSB7 won by resignation"]

1. d4 Nf6 2. c4 g6 3. f3 d5 4. cxd5 Nxd5 5. e4 Nb6 6. Nc3 Bg7 7. Be3 O-O 8. Qd2 Nc6 9. O-O-O Qd6 10. Kb1 Rd8 11. Nb5 Qd7 12. d5 a6 13. Nc3 Ne5 14.
Qc1 Qe8 15. Bd4 e6 16. f4 Ng4 17. Bxg7 Kxg7 18. Qd2 exd5 19. exd5 Qe3 20. Nf3 Qxd2 21. Rxd2 Ne3 22. d6 Bf5+ 23. Kc1 Rxd6 24. Rxd6 cxd6 25.
Nd4 Rc8 26. Nxf5+ Nxf5 27. Kd2 d5 28. Bd3 Nd6 29. Kc2 d4 0-1

[Event "*** Titled Tuesday Blitz"]
[Site "Chess.com"]
[Date "2021.04.27"]
[Round "1"]
[White "korkmaz16"]
[Black "Arystanner"]
[Result "0-1"]
[WhiteElo "2425"]
[BlackElo "2822"]
[TimeControl "180+1"]
[EndTime "10:06:25 PDT"]
[Termination "Arystanner won by resignation"]

1. e4 c5 2. Nc3 e6 3. f4 d5 4. Nf3 Nc6 5. Bb5 Nf6 6. exd5 exd5 7. Qe2+ Be7 8. Ne5 Bd7 9. Nxd7 Qxd7 10. O-O O-O 11.
d3 Rfe8 12. f5 a6 13. Bxc6 Qxc6 14. Qf3 h6 15. Bf4 Bd6 16. Rae1 b5 17. Bxd6 Qxd6 18. Ne2 Qe5 19. c3 b4 20. Qg3 Qxg3 21. Nxg3 bxc3 22. bxc3 Rab8 23. Rb1 Rxb1 24. Rxb1 Re3 25. Rd1 c4 26. dxc4 dxc4 27. Rd6 Rxc3 28. Rxa6 Ng4 29. Ne2 Rc2 30. h3 Ne3 31. Nf4 Nxf5 32. Ra5 Nh4 33. Rc5 g5 34. g3 Nf3+ 0-1